 Dungeon Crawl Stone Soup version 0.31-a0-1603-gbec6b6ccbf (webtiles) character file.

Game seed: 3197243758027708794

23 DiggyJ the Trooper (level 2, 0/2 HPs)
             Began as a Demonspawn Berserker on Jan 8, 2024.
             Was a Follower of Trog.
             Succumbed to an adder's poison
             ... on level 2 of the Dungeon.
             The game lasted 00:02:28 (1058 turns).

DiggyJ the Trooper (Demonspawn Berserker)           Turns: 1058, Time: 00:02:28

Health: 0/2        AC:  2    Str: 22    XL:     2   Next: 72%
Magic:  2/2        EV: 10    Int:  7    God:    Trog [*.....]
Gold:   102        SH:  0    Dex: 12    Spells: 1/1 levels left

rFire   . . .        a - melded +0 hand axe
rCold   . . .        (shield currently unavailable)
rNeg    . . .        b - melded +0 animal skin
rPois   +            (helmet currently unavailable)
rElec   .            (cloak currently unavailable)
rCorr   .            (gloves currently unavailable)
SInv    .            (boots currently unavailable)
Will    .....        (no amulet)
Stlth   +            (no ring)
HPRegen 0.20/turn    (no ring)
MPRegen 0.08/turn

%: no passive effects
@: lethally poisoned (0 -> -3), snake-form
A: constrict, reduced hp, large, (hooves 1)
a: Begin Untransformation, Renounce Religion, Berserk


You were on level 2 of the Dungeon.
You worshipped Trog.
Trog was aware of your devotion.
You were an enormous serpent.
You visited 1 branch of the dungeon, and saw 2 of its levels.

You collected 102 gold pieces.

Inventory:

Hand Weapons
 a - a +0 hand axe (melded)
Armour
 b - a +0 animal skin (melded)
 k - a scarf of resistance
Talismans
 j - a serpent talisman (active)
Scrolls
 e - a scroll of brand weapon {unknown}
 f - 2 scrolls of identify {unknown}
 i - a scroll of teleportation {unknown}
Potions
 c - a potion of lignification {unknown}
 d - a potion of heal wounds {unknown}
 g - a potion of mutation {unknown}
 h - 2 potions of magic {unknown}


   Skills:
 + Level 3.4 Fighting
 + Level 3.1 Axes
 + Level 1.9 Armour
 + Level 1.9 Dodging


You had one spell level left.
You didn't know any spells.
Your spell library was empty.

Dungeon Overview and Level Annotations

Branches:
Dungeon (2/15)

Altars:


Innate Abilities, Weirdness & Mutations

You are an enormous serpent.
You have a powerful constriction melee attack.
Your maximum health is decreased, since you lack skill for your form.
Your armour is entirely melded.
You are incapable of wielding weapons or throwing items.
((You have large cloven feet.))


Message History

You kick the hobgoblin, but do no damage.
The hobgoblin is severely wounded.
The hobgoblin misses you.
You hit the hobgoblin but do no damage. Your kick misses the hobgoblin.
The hobgoblin is severely wounded.
The hobgoblin hits you. The hobgoblin closely misses you.
You hit the hobgoblin. You kick the hobgoblin.
You kill the hobgoblin!
Trog accepts your kill.
Things that are here:
8 stones; a hobgoblin corpse
Things that are here:
8 stones; a hobgoblin corpse A frilled lizard comes into view.
Found a serpent talisman and 11 gold pieces.
Found a runed scarf.
Found a stone staircase leading down.
The frilled lizard hisses angrily.
You see here a serpent talisman.
j - a serpent talisman The frilled lizard bites you.
You completely miss the frilled lizard. You kick the frilled lizard.
You kill the frilled lizard!
Trog accepts your kill.
Found a leather armour.
You see here a scarf of resistance.
k - a scarf of resistance You begin transforming.
You continue transforming. x3
You turn into an enormous serpent.
Your +0 hand axe melds into your body.
Your +0 animal skin melds into your body.
You can't wear anything in your present form.
You now have 102 gold pieces (gained 11).
An adder comes into view.
The adder hisses angrily.
The adder bites you.
Ouch! That really hurt!
You are lethally poisoned!
The adder poisons you! The adder barely misses you.
You hit the adder. Your grab misses the adder.
The adder is lightly wounded.
Ouch! That really hurt!
You die...

#..................####
###....#....### ....
#.....####...# #..#..
##.#...## ###.###....
#..##...# #..#..# #.#
#.#.# ##...# #.# #.#.#
##..## #.# #.#.#
#...####.# #.# #...#
#.#.SS...# #.# ###.#
#..?..##### ..###
#.####.....#
....###......###.#
.........###. #.#
..##.###.# # #.#
#...... #.. #.##.#...
### #.##...#...


You could see an adder.

Vanquished Creatures
  3 ball pythons (D:1)
  2 endoplasms (D:1)
  2 giant cockroaches
  2 goblins (D:1)
  2 hobgoblins
  3 jackals (D:1)
  2 bats
  3 frilled lizards
  A kobold (D:1)
  A rat (D:2)
21 creatures vanquished.

Notes
Turn   | Place    | Note
-------+----------+-------------------------------------------
     0 | D:1      | DiggyJ the Demonspawn Berserker began the quest for the
                  | Orb.
     0 | D:1      | Reached XP level 1. HP: 18/18 MP: 1/1
   238 | D:1      | Gained mutation: You have large cloven feet. [demonic
                  | ancestry]
   238 | D:1      | Reached XP level 2. HP: 12/24 MP: 2/2
  1058 | D:2      | Succumbed to an adder's poison

Illustrated notes

Levels and vault maps discovered:
D:1:      minmay_arrival_nine_rooms, layout_basic
D:2:      layout_rooms

Skill      XL: |  1 |
---------------+----+-----
Axes           | 3 |  3.1
Fighting       | |  3.4
Armour         | |  1.9
Dodging        | |  1.9

Action                     || total
---------------------------++-------
  Melee: Hand axe          ||    47
         Kick              ||     8
         Unarmed           ||     1
 Armour: Animal skin       ||    36
         Skin              ||     1
  Dodge: Dodged            ||    47
   Form: Serpent           ||     1

Table legend: (Time is in decaauts)
 A = Elapsed time spent in this place.
 B = Non-inter-level travel time spent in this place.
 C = Inter-level travel time spent in this place.
 D = Time resting spent in this place.
 E = Time spent auto-exploring this place.
 F = Levels seen in this place.
 G = Mean time per level.
                   A        B        C        D        E       F      G
               +--------+--------+--------+--------+--------+-----+--------+
         Total |   1065 |   1015 |     50 |      0 |    780 |   2 |  532.5 |
       Dungeon |   1065 |   1015 |     50 |      0 |    780 |   2 |  532.5 |
               +--------+--------+--------+--------+--------+-----+--------+

Top non-repeatable levels by time:
     D:1: 880 daAuts
     D:2: 185 daAuts
